[Event "ICC Open 2015"]
[Site "Internet Chess Club"]
[Date "2015.05.29"]
[Round "5"]
[White "QuintilianoR"]
[Black "MWeston"]
[Result "1-0"]
[ICCResult "Black checkmated"]
[WhiteElo "2326"]
[BlackElo "2690"]
[Opening "Benkö gambit accepted"]
[ECO "A58"]
[NIC "BI.45"]
[Time "20:09:04"]
[TimeControl "180+0"]

1. d4 Nf6 2. c4 c5 3. d5 b5 4. cxb5 a6 5. bxa6 g6 6. Nc3 Bg7 7. Nf3 O-O 8.
g3 d6 9. Bg2 Bxa6 10. O-O Nbd7 11. Rb1 Qa5 12. Bd2 Rfb8 13. Ne1 Ng4 14. h3
Nge5 15. b3 Nf6 16. Nc2 Qd8 17. a4 Rb7 18. Na3 Rab8 19. Nab5 Ne8 20. Re1 Nc7
21. Nxc7 Qxc7 22. Qc2 Rb6 23. Na2 Qb7 24. b4 cxb4 25. Rxb4 Rxb4 26. Nxb4 Rc8
27. Nc6 Qd7 28. f4 Nc4 29. Bc3 Ne3 30. Qc1 Nxg2 31. Kxg2 Rxc6 32. dxc6 Qxc6+
33. e4 Qxc3 34. Qxc3 Bxc3 35. Rc1 Bd4 36. Rc7 e5 37. fxe5 dxe5 38. a5 Bd3
39. Kf3 f5 40. exf5 gxf5 41. Rd7 Bc3 42. Ke3 e4 43. Rd5 Bb2 44. Rxf5 Bc1+
45. Kd4 Bb2+ 46. Ke3 Bc1+ 47. Kd4 Kg7 48. a6 Bxa6 49. Kxe4 Bc8 50. Rc5 Bb7+
51. Kd3 Bh6 52. Rc7+ Kg6 53. Rxb7 Bg7 54. Ke2 Bf6 55. Kf3 h6 56. Rb6 Kg7 57.
Kg4 Kg6 58. Rc6 Kg7 59. h4 Bg5 60. h5 Be3 61. Kf5 Bg5 62. g4 Kf7 63. Rg6 Kf8
64. Rxg5 hxg5 65. Kxg5 Kg7 66. h6+ Kh7 67. Kh5 Kh8 68. Kg5 Kg8 69. Kg6 Kh8
70. g5 Kg8 71. Kf6 Kh8 72. g6 Kg8 73. g7 Kh7 74. Kf7 Kxh6 75. g8=Q Kh5 76.
Qg3 Kh6 77. Qg6# {Black checkmated} 1-0

[Event "ICC Open 2015"]
[Site "Internet Chess Club"]
[Date "2015.05.29"]
[Round "5"]
[White "Dewey"]
[Black "Willy809"]
[Result "0-1"]
[ICCResult "White forfeits on time"]
[WhiteElo "1342"]
[BlackElo "1705"]
[Opening "Queen's pawn: Chigorin variation"]
[ECO "D00"]
[NIC "QP.08"]
[Time "20:09:32"]
[TimeControl "180+0"]

1. d4 d5 2. Nc3 c6 3. g3 Nf6 4. Nf3 e6 5. Bg2 Nbd7 6. O-O Be7 7. Re1 O-O 8.
e4 dxe4 9. Nxe4 Nxe4 10. Rxe4 Nf6 11. Re1 Bd6 12. c3 h6 13. Be3 a5 14. Qd2
a4 15. a3 Ne4 16. Qc2 f5 17. Ne5 Ng5 18. Qd2 Bxe5 19. dxe5 Qxd2 20. Bxd2 Rd8
21. Bxg5 hxg5 22. Red1 Bd7 23. Rd6 Kf7 24. Rad1 Ke7 25. c4 Be8 26. c5 Bh5
27. f3 f4 28. g4 Bg6 29. Bf1 Bc2 30. R1d2 Bb3 31. R2d4 Bd5 32. Kf2 Ra5 33.
Rxd8 Kxd8 34. Bd3 Rxc5 35. Rxa4 Kc7 36. Rd4 Ba2 37. Rb4 Rxe5 38. Be4 Rb5 39.
Rxb5 cxb5 40. Ke2 b6 41. Kd2 Kd6 42. Kc3 Kc5 43. b3 e5 44. h3 g6 45. Bxg6
Kd5 46. Be4+ Kc5 47. b4+ Kd6 48. Bd3 Bd5 49. Be4 Bxe4 50. fxe4 Kc6 51. Kd3
Kd6 52. Kc3 Kc6 53. Kd3 Kd7 54. Kc3 Ke6 55. Kd3 Kd6 56. Kc3 Kc7 57. Kd3 Kb7
58. Kc3 Kc8 59. Kd3 Kd7 60. Kc3 Ke6 61. Kd3 Kf6 62. Kc3 Kg6 63. Kd3 Kf6 64.
Kc3 Ke7 65. Kd3 Kd8 {White forfeits on time} 0-1

[Event "ICC Open 2015"]
[Site "Internet Chess Club"]
[Date "2015.05.29"]
[Round "5"]
[White "KM-SKOCB"]
[Black "Eros"]
[Result "0-1"]
[ICCResult "White checkmated"]
[WhiteElo "2701"]
[BlackElo "3052"]
[Opening "Sicilian: Kan, 5.Nc3"]
[ECO "B43"]
[NIC "SI.41"]
[Time "20:08:59"]
[TimeControl "180+0"]

1. e4 c5 2. Nf3 e6 3. d4 cxd4 4. Nxd4 a6 5. Nc3 Qc7 6. Bd3 Nf6 7. f4 d6 8.
O-O Nbd7 9. Qe2 Nc5 10. Bd2 Be7 11. b4 Nxd3 12. cxd3 O-O 13. Kh1 b5 14. Rac1
Qd7 15. f5 Bb7 16. Nb3 Rac8 17. a3 Rfe8 18. Be3 exf5 19. exf5 Bf8 20. Qd2
Nd5 21. Bd4 Nxc3 22. Bxc3 f6 23. Nd4 Bd5 24. Bb2 Rxc1 25. Rxc1 h5 26. Qf2
Re5 27. Rf1 Re8 28. Ne2 Qc6 29. Nf4 Bf7 30. Rc1 Qd7 31. Ng6 Bxg6 32. fxg6
Qg4 33. Re1 Qxg6 34. Rxe8 Qxe8 35. h3 Qg6 36. Qd4 Qf5 37. Qe4 Qxe4 38. dxe4
Kf7 39. g4 hxg4 40. hxg4 Ke6 41. Kg2 d5 42. Kf3 Bd6 43. Bd4 g6 44. Be3 f5
45. exf5+ gxf5 46. Bd4 fxg4+ 47. Kxg4 Be5 48. Bb6 Bb2 49. Kf3 Bxa3 50. Bc5
a5 51. Ke3 a4 52. Kd3 Ke5 53. Bf8 Ke6 54. Kc2 d4 55. Kd3 Kd5 56. Bc5 Bb2 57.
Kc2 a3 58. Bf8 Kc4 59. Be7 d3+ 60. Kb1 Kb3 61. Bg5 a2# {White checkmated}
0-1

[Event "ICC Open 2015"]
[Site "Internet Chess Club"]
[Date "2015.05.29"]
[Round "5"]
[White "UzbekTiger"]
[Black "maki89"]
[Result "0-1"]
[ICCResult "White forfeits on time"]
[WhiteElo "2770"]
[BlackElo "2400"]
[Opening "English: symmetrical, Benoni formation"]
[ECO "A31"]
[NIC "EO.46"]
[Time "20:08:40"]
[TimeControl "180+0"]

1. d4 Nf6 2. c4 c5 3. Nf3 cxd4 4. Nxd4 e5 5. Nb5 d5 6. cxd5 Bc5 7. N5c3 O-O
8. g3 a6 9. Bg2 b5 10. O-O Bb7 11. a3 Nbd7 12. Nd2 Rc8 13. Nb3 Bb6 14. Bd2
e4 15. Be3 Bxe3 16. fxe3 Nb6 17. Nxe4 Nxe4 18. Bxe4 Bxd5 19. Bxd5 Qxd5 20.
Qxd5 Nxd5 21. e4 Nf6 22. e5 Ng4 23. e6 fxe6 24. Rxf8+ Kxf8 25. a4 Rc2 26.
Nd4 Rxb2 27. axb5 axb5 28. Ra7 e5 29. Ne6+ Ke8 30. Nxg7+ Kd8 31. Ne6+ Kc8
32. h3 Nf6 33. Kf2 b4 34. Rc7+ Kb8 35. g4 b3 36. Rc6 Ne4+ 37. Ke3 Nf6 38.
Kd3 e4+ 39. Kc3 Rc2+ 40. Kxb3 Rxc6 41. Nd4 Rc5 42. e3 Nd7 43. Nf5 h5 44. Kb4
hxg4 45. hxg4 Kc7 46. Nd4 Kd6 47. Nf5+ Rxf5 48. gxf5 Ke5 49. Kc4 Nf6 50. Kc3
Kxf5 51. Kd4 Kg4 52. Ke5 Kf3 53. Kxf6 Kxe3 54. Ke5 Kf3 55. Kd5 e3 56. Kd4 e2
57. Kd5 e1=Q 58. Kc5 Ke4 59. Kd6 Qa5 {White forfeits on time} 0-1

[Event "ICC Open 2015"]
[Site "Internet Chess Club"]
[Date "2015.05.29"]
[Round "5"]
[White "garompon"]
[Black "Red-white"]
[Result "0-1"]
[ICCResult "White forfeits on time"]
[WhiteElo "2557"]
[BlackElo "3167"]
[Opening "Four knights: Scotch, 4...exd4"]
[ECO "C47"]
[NIC "SO.03"]
[Time "20:09:16"]
[TimeControl "180+0"]

1. e4 e5 2. Nf3 Nc6 3. Nc3 Nf6 4. d4 exd4 5. Nxd4 Bb4 6. Nxc6 bxc6 7. Bd3
O-O 8. O-O d5 9. exd5 cxd5 10. Bg5 c6 11. Na4 h6 12. Bh4 Bd6 13. Re1 Rb8 14.
c3 c5 15. Bc2 g5 16. Bg3 Bxg3 17. hxg3 Qd6 18. Qd3 Bd7 19. b3 Bxa4 20. bxa4
Rfe8 21. Qf5 Rxe1+ 22. Rxe1 Re8 23. Rxe8+ Nxe8 24. Qh7+ Kf8 25. a5 Qf6 26.
Ba4 Nc7 27. Qd3 Kg7 28. g4 Qe5 29. g3 c4 30. Qd2 Ne6 31. Bd1 d4 32. cxd4
Qxd4 33. Qe2 c3 34. Bc2 Kf6 35. Qf3+ Kg7 36. a6 Qe5 37. Qb7 Nd4 38. Bd3 Qc5
39. Qe4 Kf8 40. Qh7 c2 41. Qxh6+ Ke7 42. Bxc2 Nxc2 43. Qh8 Nd4 44. Qb8 Kf6
45. Qb7 Ne6 46. Qf3+ Kg7 47. a4 Qd4 48. Kg2 Qxa4 49. Qc3+ Qd4 50. Qc6 Qc5
51. Qb7 Nc7 52. Qc8 Qd5+ 53. Kh2 Qc6 54. Qb7 Qxb7 55. axb7 Na6 56. Kg1 Nb8
57. Kf1 Kf6 58. Ke2 Ke5 59. Kd3 Kd5 60. f4 f6 61. Kc3 Ke4 62. Kc4 gxf4 63.
gxf4 Kxf4 64. Kd5 Kxg4 65. Kd6 a5 66. Kc7 Na6+ 67. Kb6 Nb8 68. Kc7 Na6+ 69.
Kb6 Nb8 70. Ka7 a4 71. Kxb8 a3 72. Kc8 a2 73. b8=Q a1=Q 74. Qc7 Qa8+ 75. Kd7
Qd5+ 76. Qd6 Qxd6+ 77. Kxd6 f5 {White forfeits on time} 0-1

[Event "ICC Open 2015"]
[Site "Internet Chess Club"]
[Date "2015.05.29"]
[Round "5"]
[White "f5"]
[Black "Hareaum"]
[Result "1/2-1/2"]
[ICCResult "White ran out of time and Black has no material to mate"]
[WhiteElo "2139"]
[BlackElo "1752"]
[Opening "Scandinavian (center counter) defense"]
[ECO "B01"]
[NIC "SD.01"]
[Time "20:09:17"]
[TimeControl "180+0"]

1. e4 d5 2. exd5 Qxd5 3. Nc3 Qa5 4. d4 c6 5. Nf3 Nf6 6. Bc4 Bg4 7. h3 Qh5 8.
O-O Bxf3 9. Qxf3 Qxf3 10. gxf3 e6 11. f4 Nbd7 12. Re1 g6 13. Bb3 Bg7 14. Ne2
Nd5 15. c3 O-O-O 16. Ng3 h5 17. Ne4 N7f6 18. Ng5 Rhf8 19. Be3 Bh6 20. Kg2
Bxg5 21. fxg5 Ne4 22. Kf3 Nd6 23. Ke2 Nf5 24. Kd3 Ndxe3 25. fxe3 c5 26. e4
Ne7 27. Ke3 cxd4+ 28. cxd4 Nc6 29. Rac1 Kb8 30. Red1 Na5 31. Ba4 Rc8 32. b4
Nc4+ 33. Kf4 Nb2 34. Bb3 Nxd1 35. Rxd1 Rc3 36. d5 exd5 37. exd5 Rxh3 38. d6
Rd8 39. d7 Kc7 40. Ba4 a6 41. Rc1+ Kb8 42. Ke5 Rh4 43. Kf6 Rxb4 44. Bb3 Rxd7
45. Rf1 Rb6+ 46. Kg7 f5+ 47. Kh6 h4 48. Rh1 Rd4 49. Bf7 a5 50. Kg7 Rg4 51.
Kh6 f4 52. Bxg6 f3 53. Kh5 Rd4 54. Rf1 Rf4 55. Bd3 h3 56. Bc2 f2 57. Rh1 Re6
58. Bd3 Re1 59. Bf1 Rxf1 60. Rxf1 h2 61. g6 Rf8 62. g7 Rg8 63. Kg6 Kc7 64.
Kh7 Rxg7+ 65. Kxg7 Kd6 66. Kg6 Ke5 67. Kg5 Ke4 68. Kg4 Ke3 69. Kg3 Ke2 70.
Kg2 h1=Q+ 71. Rxh1 b5 72. Rf1 b4 73. Rxf2+ Kd3 74. Rf5 Kc4 75. Rxa5 b3 76.
Ra8 b2 77. Rb8 Kc3 78. Rxb2 Kxb2 79. a4 Kb3 80. a5 Kb4 81. a6 Kc5 82. a7 Kc6
83. a8=Q+ Kc7 84. Qa7+ Kd6 85. Qa3+ Kd5 86. Qe3 Kc4 87. Kf3 Kd5 88. Kf4 Kc4
89. Kf5 Kd5 90. Qe4+ Kd6 91. Qe5+ Kc6 92. Qe6+ Kc7 93. Qd5 Kb6 94. Qe5 Kc6
95. Qe6+ Kc5 96. Kf6 Kd4
{White ran out of time and Black has no material to mate}
1/2-1/2

[Event "ICC Open 2015"]
[Site "Internet Chess Club"]
[Date "2015.05.29"]
[Round "5"]
[White "Plantdawg"]
[Black "Anneay"]
[Result "0-1"]
[ICCResult "White forfeits on time"]
[WhiteElo "1821"]
[BlackElo "2491"]
[Opening "English opening"]
[ECO "A30"]
[NIC "QP.11"]
[Time "20:09:08"]
[TimeControl "180+0"]

1. Nf3 Nf6 2. c4 c5 3. g3 Nc6 4. Bg2 d5 5. Nc3 d4 6. Nb1 g6 7. d3 Bg7 8. O-O
O-O 9. e4 Nd7 10. Na3 a6 11. Nc2 b5 12. b3 Bb7 13. a4 b4 14. Ra2 e6 15. Nce1
f5 16. Nd2 f4 17. f3 g5 18. Qe2 Nce5 19. Rf2 Qf6 20. g4 h5 21. h3 hxg4 22.
fxg4 Ng6 23. Ndf3 Nde5 24. Nxe5 Qxe5 25. Nf3 Qc7 26. Rd2 Qe7 27. Rd1 Kf7 28.
Rdf1 Rh8 29. Nh2 Ke8 30. Nf3 Kd7 31. Bd2 Raf8 32. Be1 Kc7 33. Qd1 Kb6 34.
Re2 Be5 35. Kf2 Qf6 36. Rh1 Rh7 37. Rb2 Rfh8 38. Ke2 Rf8 39. Kd2 Bd6 40. Qe2
Rfh8 41. Kc2 Ne5 42. Nxe5 Bxe5 43. Qf3 Qf7 44. Kb1 Qf6 45. Re2 Qf7 46. Bf2
Rh6 47. Be1 Qf6 48. Bf2 Qe7 49. Be1 Qf7 50. Bf2 Qe7 51. Be1 Qf7 52. Bf2 Qf6
53. Be1 Qg7 54. Bf2 Qf7 55. Be1 Qe7 56. Bf2 Qf8 57. Be1 Qe7 58. Bf2 Qe8 59.
Be1 Qd8 60. Bf2 a5 61. Be1 Qe8 62. Bf2 Qd7 63. Be1 Qe7 64. Bf2 Qf7 65. Be1
Qg7 66. Bf2 Qf7 67. Be1 Qe7 68. Ka2 Qf7 69. Bf2 Qe7 70. Be1 Qf7 71. Bf2 Qe7
72. Be1 Qd7 73. Bf2 Qc7 74. Be1 Qd6 75. Bf2 Qd7 76. Be1 Qh7 77. Bf2 Qg7 78.
Be1 Qh7 79. Bf2 Qg7 80. Be1 Qh7 81. Bf2 Bc6 82. Be1 Qg7 83. Bf2 Qh7 84. Be1
Qg7 85. Bf2 Qf6 86. Be1 R8h7 87. Bf2 Qf7 88. Be1 Qf8 89. Bf2 Qg8 90. Be1 Qh8
91. Bf2 Qg8 92. Be1 Qh8 93. Bf2 Qc8 94. Be1 Bf6 95. Bf2 e5 96. Be1 Be7 97.
Bf2 Bd6 98. Be1 Qf8 99. Bf2 Be7 100. Be1 Qh8 101. Bf2 Qg8 102. Be1 Rg6 103.
Bf2 Rgh6 104. Be1 Qh8 105. Bf2 Qg8 106. Be1 Qe8 107. Bf2 Bxa4 108. Be1 Bc6
109. Bf2 a4 110. bxa4 Qa8 111. Kb2 Qxa4 112. Ra1 Rh8 113. Rxa4 Bxa4 114. Kb1
Ra8 115. Ra2 Bd6 116. Kb2 Rh7 117. Be1 Rha7 118. Bf2 Bc6 119. Rxa7 Rxa7 120.
Qd1 Ba4 121. Qa1 Bc6 122. Qb1 Ba4 123. Bf3 Bc6 124. Bg2 Be7 125. Bf3 Bd7
{White forfeits on time}
0-1

[Event "ICC Open 2015"]
[Site "Internet Chess Club"]
[Date "2015.05.29"]
[Round "5"]
[White "MichaelBluth"]
[Black "delerio"]
[Result "0-1"]
[ICCResult "White checkmated"]
[WhiteElo "2312"]
[BlackElo "2634"]
[Opening "English opening"]
[ECO "A05"]
[NIC "QP.11"]
[Time "20:10:13"]
[TimeControl "180+0"]

1. Nf3 Nf6 2. c4 e6 3. e3 d5 4. b3 Be7 5. Bb2 O-O 6. g3 c5 7. Bg2 Nc6 8. O-O
d4 9. exd4 cxd4 10. Re1 Re8 11. d3 a5 12. Ba3 Bb4 13. Bxb4 axb4 14. a3 e5
15. a4 h6 16. Nbd2 Bf5 17. Qc2 Nd7 18. Nh4 Bh7 19. Be4 Nc5 20. Bxh7+ Kxh7
21. Ne4 b6 22. Nxc5 bxc5 23. Qe2 g6 24. Qe4 Qd6 25. g4 Na5 26. Rab1 Ra7 27.
f4 Nc6 28. f5 Qf6 29. Nf3 gxf5 30. gxf5 Rg8+ 31. Kh1 Na5 32. Nxe5 Re7 33.
Qf4 Rge8 34. Nf3 Re3 35. Rxe3 Rxe3 36. Kg2 Rxd3 37. Ne1 Re3 38. Kf2 Rxb3 39.
Rxb3 Nxb3 40. Nd3 Na5 41. Nxc5 Nxc4 42. Ne4 Qe5 43. Qg4 d3 44. f6 Qd4+ 45.
Kg3 Qe5+ 46. Kh3 Qe6 47. Qxe6 fxe6 48. Kg4 Kg6 49. Kf3 b3 50. Nc3 b2 51. a5
Nxa5 52. Nb1 Nc4 53. Ke4 d2 54. Kd3 d1=Q+ 55. Kxc4 Qxb1 56. Kc3 Qf5 57. f7
Qxf7 58. Kxb2 Qf2+ 59. Kc3 Qxh2 60. Kd4 Qd6+ 61. Ke4 h5 62. Kf3 h4 63. Kg2
h3+ 64. Kxh3 Qf4 65. Kg2 e5 66. Kh3 e4 67. Kg2 e3 68. Kh3 e2 69. Kg2 e1=Q
70. Kh3 Qh1# {White checkmated} 0-1

[Event "ICC Open 2015"]
[Site "Internet Chess Club"]
[Date "2015.05.29"]
[Round "5"]
[White "jeffers9"]
[Black "Chessbomb"]
[Result "1-0"]
[ICCResult "Black forfeits on time"]
[WhiteElo "1364"]
[BlackElo "1833"]
[Opening "King's Indian, 3.Nf3"]
[ECO "E61"]
[NIC "KI.80"]
[Time "20:13:56"]
[TimeControl "180+0"]

1. d4 Nf6 2. c4 g6 3. Nf3 Bg7 4. Nc3 O-O 5. g3 d5 6. Bg2 dxc4 7. O-O c6 8.
Re1 Nd5 9. e4 Nb6 10. h3 N8d7 11. Be3 e5 12. d5 cxd5 13. Nxd5 Nxd5 14. exd5
f5 15. Rc1 b5 16. Bd2 Bb7 17. Bc3 e4 18. Nd4 Nc5 19. Nxb5 Nd3 20. Rc2 Bxd5
21. Nd4 Re8 22. Ree2 Qb6 23. Nxf5 gxf5 24. Rcd2 Bxc3 25. bxc3 Rab8 26. h4
Qb1 27. Kh2 Rb2 28. Qxb1 Rxb1 29. h5 Reb8 30. Kh3 R8b2 31. Rxb2 Rxb2 32.
Rxb2 Nxb2 33. Kh4 Na4 34. Kg5 Nxc3 35. Kxf5 Nxa2 36. Ke5 c3 37. Kxd5 c2 38.
Ke5 c1=Q 39. Bxe4 Qc5+ 40. Kf4 Nc3 41. g4 {Black forfeits on time} 1-0

[Event "ICC Open 2015"]
[Site "Internet Chess Club"]
[Date "2015.05.29"]
[Round "6"]
[White "Knight83"]
[Black "olimpioMD"]
[Result "0-1"]
[ICCResult "White resigns"]
[WhiteElo "1286"]
[BlackElo "1406"]
[Opening "Scandinavian: Marshall variation"]
[ECO "B01"]
[NIC "SD.03"]
[Time "20:22:31"]
[TimeControl "180+0"]

1. e4 d5 2. exd5 Nf6 3. d4 Nxd5 4. Nf3 Bg4 5. Be2 Nf4 6. O-O Nxe2+ 7. Qxe2
e6 8. c3 Nc6 9. h3 Bh5 10. g4 Bg6 11. Ne5 Nxe5 12. Qxe5 Bd6 13. Qe2 Qh4 14.
Be3 Qxh3 {White resigns} 0-1

[Event "ICC Open 2015"]
[Site "Internet Chess Club"]
[Date "2015.05.29"]
[Round "6"]
[White "MadMad"]
[Black "Oblique"]
[Result "1-0"]
[ICCResult "Black checkmated"]
[WhiteElo "1343"]
[BlackElo "1698"]
[Opening "QGD: 3.Nc3"]
[ECO "D31"]
[NIC "QP.08"]
[Time "20:22:33"]
[TimeControl "180+0"]

1. d4 d5 2. c4 e6 3. Nc3 f5 4. e3 Nf6 5. Nf3 Be7 6. Bd3 c6 7. O-O O-O 8. Nd2
Qe8 9. f3 b6 10. e4 fxe4 11. fxe4 Ba6 12. e5 Nfd7 13. Rxf8+ Qxf8 14. Qh5
dxc4 15. Qxh7+ Kf7 16. Bg6# {Black checkmated} 1-0

[Event "ICC Open 2015"]
[Site "Internet Chess Club"]
[Date "2015.05.29"]
[Round "6"]
[White "Schack"]
[Black "asithink"]
[Result "0-1"]
[ICCResult "White resigns"]
[WhiteElo "1633"]
[BlackElo "2122"]
[Opening "Queen's pawn: Keres defense"]
[ECO "A40"]
[NIC "QO.17"]
[Time "20:23:29"]
[TimeControl "180+0"]

1. d4 e6 2. c4 b6 3. Nc3 Bb4 4. e4 Bb7 5. Bd3 f5 6. f3 fxe4 7. fxe4 Bxc3+ 8.
bxc3 Bxe4 9. Bxe4 Qh4+ 10. Kf1 Qxe4 11. Nf3 Nf6 12. Qe2 O-O 13. Qxe4 Nxe4
14. Bb2 Nd2+ 15. Ke2 Nxc4 16. Kd3 Nxb2+ {White resigns} 0-1

[Event "ICC Open 2015"]
[Site "Internet Chess Club"]
[Date "2015.05.29"]
[Round "6"]
[White "NietzscheBac"]
[Black "bennywins"]
[Result "1-0"]
[ICCResult "Black resigns"]
[WhiteElo "1594"]
[BlackElo "1171"]
[Opening "Benoni defense"]
[ECO "A61"]
[NIC "OI.09"]
[Time "20:22:39"]
[TimeControl "180+0"]

1. d4 c5 2. d5 e6 3. c4 Nf6 4. Nc3 exd5 5. cxd5 Be7 6. e4 d6 7. Nf3 Bg4 8.
h3 Bh5 9. Be2 Bg6 10. Nd2 O-O 11. O-O Nbd7 12. f4 Nb6 13. f5 Bxf5 14. Rxf5
g6 15. Rf1 Qc7 16. Nc4 Nxc4 17. Bxc4 a6 18. Bg5 Nxd5 19. Nxd5 {Black
resigns} 1-0

[Event "ICC Open 2015"]
[Site "Internet Chess Club"]
[Date "2015.05.29"]
[Round "6"]
[White "capatal1"]
[Black "jorgeearroyo"]
[Result "0-1"]
[ICCResult "White checkmated"]
[WhiteElo "1450"]
[BlackElo "1225"]
[Opening "Queen's pawn game, Chigorin variation"]
[ECO "D02"]
[NIC "QP.08"]
[Time "20:23:48"]
[TimeControl "180+0"]

1. d4 d5 2. Nf3 Nc6 3. Bg5 Bf5 4. c3 Nf6 5. e3 e6 6. Nbd2 Be7 7. Ne5 Nxe5 8.
dxe5 Ne4 9. Bxe7 Qxe7 10. Be2 Qh4 11. Nf3 Qxf2# {White checkmated} 0-1

[Event "ICC Open 2015"]
[Site "Internet Chess Club"]
[Date "2015.05.29"]
[Round "6"]
[White "ultramagic1"]
[Black "truufseir"]
[Result "0-1"]
[ICCResult "White resigns"]
[WhiteElo "1767"]
[BlackElo "1563"]
[Opening "Evans gambit"]
[ECO "C52"]
[NIC "IG.05"]
[Time "20:23:01"]
[TimeControl "180+0"]

1. e4 e5 2. Nf3 Nc6 3. Bc4 Bc5 4. b4 Bxb4 5. c3 Ba5 6. d4 exd4 7. O-O Nf6 8.
e5 d5 9. exf6 dxc4 10. fxg7 Rg8 11. Re1+ Be6 12. Ng5 Qf6 13. Nxe6 fxe6 14.
Qh5+ Kd7 15. Bg5 Qxg7 16. Rd1 Qxg5 17. Qxh7+ Rg7 18. Qh3 Rag8 19. g3 Qg4 20.
Qg2 Qxd1+ {White resigns} 0-1

[Event "ICC Open 2015"]
[Site "Internet Chess Club"]
[Date "2015.05.29"]
[Round "6"]
[White "littleplotkin"]
[Black "ErnestoRondon"]
[Result "1-0"]
[ICCResult "Black checkmated"]
[WhiteElo "2364"]
[BlackElo "1859"]
[Opening "Sicilian: O'Kelly variation"]
[ECO "B28"]
[NIC "SI.43"]
[Time "20:22:32"]
[TimeControl "180+0"]

1. e4 c5 2. Nf3 a6 3. c3 e6 4. d4 cxd4 5. cxd4 d5 6. e5 f5 7. Nc3 Ne7 8. g4
g6 9. gxf5 Nxf5 10. Bd3 Bg7 11. h4 h5 12. Rg1 Kf7 13. Bg5 Qb6 14. Bxf5 exf5
15. Qd2 Be6 16. Bf4 Rg8 17. Ng5+ Ke7 18. Nh7 Nc6 19. O-O-O Rac8 20. Rxg6 Kf7
21. Rxe6 Kxe6 22. Ng5+ Kd7 23. e6+ Ke8 24. Qe2 Nxd4 25. Qxh5+ Kd8 26. Qf7
Qxe6 27. Nxe6+ Nxe6 28. Rxd5# {Black checkmated} 1-0

[Event "ICC Open 2015"]
[Site "Internet Chess Club"]
[Date "2015.05.29"]
[Round "6"]
[White "xionoula"]
[Black "supermouse"]
[Result "0-1"]
[ICCResult "White resigns"]
[WhiteElo "2185"]
[BlackElo "2693"]
[Opening "Queen's Pawn"]
[ECO "A41"]
[NIC "QO.17"]
[Time "20:23:02"]
[TimeControl "180+0"]

1. d4 d6 2. Bf4 g6 3. e3 Bg7 4. Nf3 Nd7 5. h3 c5 6. c3 Ngf6 7. Nbd2 O-O 8.
Be2 Rb8 9. O-O b5 10. b4 Nd5 11. Qb3 Nxf4 12. exf4 a6 13. a4 cxb4 14. cxb4
bxa4 15. Rxa4 Nb6 16. Ra5 Nd7 17. Bxa6 Qxa5 18. bxa5 Rxb3 19. Nxb3 Bxa6 20.
Rc1 Rc8 21. Re1 Kf8 {White resigns} 0-1

[Event "ICC Open 2015"]
[Site "Internet Chess Club"]
[Date "2015.05.29"]
[Round "6"]
[White "Much-Acclaimed"]
[Black "JrTorres"]
[Result "1-0"]
[ICCResult "Black resigns"]
[WhiteElo "1949"]
[BlackElo "1678"]
[Opening "English opening"]
[ECO "A13"]
[NIC "EO.64"]
[Time "20:22:27"]
[TimeControl "180+0"]

1. c4 e6 2. g3 d5 3. Bg2 f5 4. Nf3 Nf6 5. O-O c6 6. d3 Bc5 7. Nbd2 O-O 8. a3
a5 9. Qc2 d4 10. Rb1 Qe7 11. Nb3 Qd6 12. Nxc5 Qxc5 13. b4 axb4 14. axb4 Qd6
15. Bf4 Qd7 16. Ne5 Qd8 17. b5 c5 18. Ra1 Rxa1 19. Rxa1 Nbd7 20. Ra8 Nxe5
21. Bxe5 Ng4 22. Bf4 e5 23. Bd2 Qc7 24. h3 Nf6 25. Qa4 e4 26. Bg5 exd3 27.
exd3 h6 28. Bxf6 Rxf6 29. b6 Qd7 30. Qxd7 Rf8 31. Rxc8 {Black resigns} 1-0

[Event "ICC Open 2015"]
[Site "Internet Chess Club"]
[Date "2015.05.29"]
[Round "6"]
[White "ibarra"]
[Black "PADILLON2189"]
[Result "1-0"]
[ICCResult "Black resigns"]
[WhiteElo "2793"]
[BlackElo "2029"]
[Opening "Sicilian: dragon, Yugoslav attack, Rauser variation"]
[ECO "B76"]
[NIC "SI.17"]
[Time "20:22:37"]
[TimeControl "180+0"]

1. e4 c5 2. Nf3 d6 3. d4 cxd4 4. Nxd4 Nf6 5. Nc3 g6 6. Be3 Bg7 7. f3 O-O 8.
Qd2 Nc6 9. O-O-O Nxd4 10. Bxd4 Be6 11. Kb1 Qc7 12. Nd5 Bxd5 13. exd5 a6 14.
g4 b5 15. h4 Rfc8 16. Rc1 Nd7 17. Bxg7 Kxg7 18. h5 Nf8 19. hxg6 fxg6 20. f4
Qd7 21. Bh3 Rc5 22. g5 Qb7 23. Rcd1 Rc4 24. f5 gxf5 25. Bxf5 Ng6 26. Qe2 Rf8
27. Rxh7+ Kxh7 28. Qh5+ {Black resigns} 1-0

[Event "ICC Open 2015"]
[Site "Internet Chess Club"]
[Date "2015.05.29"]
[Round "6"]
[White "Abbas-Child"]
[Black "Shafkat"]
[Result "0-1"]
[ICCResult "White resigns"]
[WhiteElo "1273"]
[BlackElo "1579"]
[Opening "Ruy Lopez: Marshall, main line, 14...Qh3"]
[ECO "C89"]
[NIC "RL.17"]
[Time "20:22:43"]
[TimeControl "180+0"]

1. e4 e5 2. Nf3 Nc6 3. Bb5 a6 4. Ba4 Nf6 5. O-O Be7 6. Re1 b5 7. Bb3 O-O 8.
c3 d5 9. exd5 Nxd5 10. Nxe5 Nxe5 11. Rxe5 c6 12. d4 Bd6 13. Re1 Qh4 14. g3
Qh3 15. Qe2 Bg4 16. Qf1 Qh5 17. Nd2 f5 18. Bxd5+ cxd5 19. Nb3 f4 20. Bd2
fxg3 21. hxg3 Bf3 {White resigns} 0-1

[Event "ICC Open 2015"]
[Site "Internet Chess Club"]
[Date "2015.05.29"]
[Round "6"]
[White "LeGoat"]
[Black "PJJVenegas"]
[Result "0-1"]
[ICCResult "White resigns"]
[WhiteElo "1631"]
[BlackElo "1858"]
[Opening "Sicilian: Najdorf, 6.Bg5"]
[ECO "B94"]
[NIC "SI.04"]
[Time "20:23:16"]
[TimeControl "180+0"]

1. e4 c5 2. Nf3 d6 3. d4 cxd4 4. Nxd4 Nf6 5. Nc3 a6 6. Bg5 Nbd7 7. Be2 g6 8.
O-O Bg7 9. f4 O-O 10. Qd3 Nc5 11. Qe3 Ng4 12. Bxg4 Bxg4 13. h3 Bd7 14. g4 b5
15. f5 b4 16. Nd5 Re8 17. f6 exf6 18. Bxf6 Rxe4 19. Qxe4 Nxe4 20. Bxd8 Bxd4+
21. Kh1 Rxd8 22. Rf3 Be6 23. Nc7 Ng5 24. Rd3 Bxb2 25. Rad1 Be5 26. Nxa6 Bc4
27. Nxb4 Bxd3 28. Rxd3 Rb8 29. Nc6 Rb1+ 30. Kg2 Rb2 {White resigns} 0-1

[Event "ICC Open 2015"]
[Site "Internet Chess Club"]
[Date "2015.05.29"]
[Round "6"]
[White "TheLoneKing1"]
[Black "Womacka"]
[Result "0-1"]
[ICCResult "White resigns"]
[WhiteElo "1979"]
[BlackElo "2412"]
[Opening "Sicilian: Najdorf, Opocensky variation"]
[ECO "B92"]
[NIC "SI.11"]
[Time "20:23:21"]
[TimeControl "180+0"]

1. e4 c5 2. Nf3 d6 3. d4 cxd4 4. Nxd4 Nf6 5. Nc3 a6 6. Be2 e5 7. Nb3 Be7 8.
Be3 Be6 9. Qd2 O-O 10. f3 Nbd7 11. g4 Qc7 12. h4 b5 13. h5 b4 14. Nd5 Bxd5
15. exd5 Nb6 16. Bxb6 Qxb6 17. g5 Nd7 18. O-O-O a5 19. Kb1 a4 20. Nc1 a3 21.
b3 Rac8 22. Nd3 Rc3 23. Rhg1 Rfc8 24. Rc1 Rxc2 25. Qxc2 Rxc2 26. Kxc2 Qe3
27. Rge1 Bxg5 28. Rcd1 Qd4 29. Rb1 {White resigns} 0-1

[Event "ICC Open 2015"]
[Site "Internet Chess Club"]
[Date "2015.05.29"]
[Round "6"]
[White "nexxter"]
[Black "Supermodel"]
[Result "0-1"]
[ICCResult "White forfeits on time"]
[WhiteElo "1078"]
[BlackElo "2218"]
[Opening "Réti opening"]
[ECO "A05"]
[NIC "QP.11"]
[Time "20:22:33"]
[TimeControl "180+0"]

1. Nf3 Nf6 2. g3 b6 3. Bg2 Bb7 4. O-O c5 5. c4 e6 6. Nc3 d6 7. d3 a6 8. Rb1
Be7 9. b4 cxb4 10. Rxb4 d5 11. Rb3 d4 12. Na4 Nbd7 13. Bf4 O-O 14. Qc2 Re8
15. Rfb1 Nc5 16. Nxc5 Bxc5 17. Ne5 Bxg2 18. Kxg2 Qc7 19. Qb2 g5 20. Ng4 Qc6+
21. f3 Nxg4 22. Bxg5 h6 23. Bf6 Nxf6 24. e4 Nh7 25. Kf2 e5 26. f4 Qg6
{White forfeits on time}
0-1